 Dungeon Crawl Stone Soup version 0.17-a0-913-g36eb389 (webtiles) character file.

149 hornqvist the Shield-Bearer (level 5, -3/41 HPs)
             Began as a Formicid Fighter on May 3, 2015.
             Slain by Grinder (6 damage)
             ... on level 4 of the Dungeon.
             The game lasted 00:02:13 (2386 turns).

hornqvist the Shield-Bearer (Formicid Fighter)      Turns: 2386, Time: 00:02:14

Health: -3/41      AC:  6    Str: 27    XL:     5   Next: 56%
Magic:  5/5        EV:  9    Int:  7    God:
Gold:   125        SH: 10    Dex: 10    Spells: 0 memorised, 4 levels left

rFire  . . .     SeeInvis +     a - +0 war axe
rCold  . . .     Clarity  .     b - +0 scale mail
rNeg   . . .     SustAb   .     c - +0 shield
rPois  .         Gourm    .     (helmet unavailable)
rElec  .         Spirit   .     (no cloak)
rCorr  .         Warding  .     (no gloves)
rMut   .         Stasis   +     (no boots)
MR     .....                    (no amulet)
Stlth  ..........               (no ring)
                                (no ring)

@: mighty, very slightly contaminated, invisible, not resistant to hostile
enchantments, extremely unstealthy
A: permanent stasis, dig shafts and tunnels, four strong arms, antennae 3
a: Dig, Shaft Self


You were on level 4 of the Dungeon.
You were not hungry.

You visited 1 branch of the dungeon, and saw 4 of its levels.

You collected 125 gold pieces.

Inventory:

Hand weapons
 a - a +0 war axe (weapon)
Armour
 b - a +0 scale mail (worn)
 c - a +0 shield (worn)
Magical devices
 n - a wand of cold (11)
Scrolls
 g - 7 scrolls of identify {unknown}
 h - a scroll of amnesia {unknown}
 i - a scroll of remove curse
 j - a scroll of teleportation {unknown}
 l - 2 scrolls of enchant armour {unknown}
Potions
 f - a potion of curing {unknown}
 m - a potion of invisibility
 o - a potion of flight {unknown}
Comestibles
 e - 5 bread rations
 k - a meat ration
 p - 8 chunks of flesh


   Skills:
 - Level 3.2 Fighting
 * Level 4.1 Axes
 - Level 3.2 Armour
 + Level 1.9 Dodging
 + Level 4.5 Shields


You had 4 spell levels left.
You didn't know any spells.

Dungeon Overview and Level Annotations

Branches:
Dungeon (4/15)
 Temple: D:4-7

Altars:
Trog

Annotations:
D:4 Grinder


Innate Abilities, Weirdness & Mutations

You are under a permanent stasis effect.
You can dig through walls and to a lower floor.
Your four strong arms can wield two-handed weapons with a shield.
You have a pair of large antennae on your head (SInv).


Message History

You catch the helpless worker ant completely off-guard!
You hit the worker ant.
The worker ant bites you but does no damage.
The worker ant closely misses you. Grinder hits you!
* * * LOW HITPOINT WARNING * * *
You take 8 damage, and have 3/41 hp.
Unknown command.
You slice Grinder!! You closely miss the worker ant.
The worker ant closely misses you. You block Grinder's attack.
You block the worker ant's attack.
Unknown command.
You slash Grinder! You closely miss the worker ant. Grinder gestures at you.
Your stasis keeps you stable.
You block the worker ant's attack. Grinder completely misses you.
Unknown command.
You barely miss Grinder. You barely miss the worker ant.
The worker ant barely misses you. You block the worker ant's attack.
Grinder hits you.
You die...

. .. .... ... .....
..# #.... ..# #...#
#..# #....####...##
#.<.a@5#.....##
#...##.†......#..
#.. ###......... ...
#.....##.. .. ...
##...### #... .
##...## #....
####....#
......#####.....#.#
........)....####..#


You could see Grinder and a worker ant.

Vanquished Creatures
  A hound (D:4)
  An adder (D:3)
  An ooze (D:1)
  4 worms
  A giant gecko (D:2)
  9 orcs
  A bat skeleton (D:4)
  10 hobgoblins
  8 kobolds
  8 bats
  4 giant cockroaches
  4 giant newts
  2 goblins
  16 jackals
  6 rats
76 creatures vanquished.

Notes
Turn   | Place    | Note
--------------------------------------------------------------
     0 | D:1      | hornqvist, the Formicid Fighter, began the quest for the Orb.
     0 | D:1      | Reached XP level 1. HP: 18/18 MP: 1/1
   146 | D:1      | Reached XP level 2. HP: 24/24 MP: 2/2
   277 | D:1      | Reached XP level 3. HP: 29/29 MP: 3/3
   347 | D:1      | Reached skill level 1 in Dodging
  1025 | D:2      | Found a bloodstained altar of Trog.
  1055 | D:2      | Reached XP level 4. HP: 30/35 MP: 4/4
  1387 | D:2      | Reached skill level 4 in Shields
  1941 | D:3      | Reached XP level 5. HP: 41/41 MP: 5/5
  2368 | D:4      | Noticed Grinder
  2386 | D:4      | Slain by Grinder

Action                   |  1- 3 |  4- 6 || total
-------------------------+-------+-------++-------
Melee: War axe           |   109 |   118 ||   227
  Use: Scroll            |     2 |       ||     2
       Potion            |       |     2 ||     2
 Stab: Invisible         |       |     1 ||     1
  Eat: Chunk             |     1 |     4 ||     5
